 Dungeon Crawl Stone Soup version 0.27.1-33-g824d729ab1 (webtiles) character file.

Game seed: 14279418264845726034

34 comborobin the Shield-Bearer (level 3, -2/30 HPs)
             Began as a Djinni Fighter on Dec 27, 2021.
             Was a Believer of Ru.
             Slain by a gnoll (5 damage)
             ... on level 1 of the Dungeon.
             The game lasted 00:01:56 (1561 turns).

comborobin the Shield-Bearer (Djinni Fighter)       Turns: 1561, Time: 00:01:57

Health: -2/30      AC:  6    Str: 15    XL:     3   Next: 50%
Gold:   39         EV:  6    Int:  9    God:    Ru [**....] SH:  9 Dex: 13

rFire    + . .     SeeInvis .     - Unarmed
rCold    x x .     Faith    .   b - +0 kite shield
rNeg     . . .     Spirit   .   a - +0 scale mail
rPois    ∞         Reflect  .   (no helmet)
rElec    .         Harm     .   (no cloak)
rCorr    .         Rampage  .   (no gloves)
Will     .....                  (boots unavailable)
Stlth    ..........             (no amulet)
HPRegen  0.10/turn              (no ring)
MPRegen  0.00/turn              (no ring)

@: flying
A: sickness immunity, fire resistance 2, cold vulnerability 1, temperature
sensitive, float, innate caster, hp casting, extra vitality 1
a: Renounce Religion


You were on level 1 of the Dungeon.
You worshipped Ru.
Ru was pleased with you.
You visited 1 branch of the dungeon, and saw 2 of its levels.

You collected 39 gold pieces.

Inventory:

Hand Weapons
 c - a +0 vorpal trident
Armour
 a - a +0 scale mail (worn)
 b - a +0 kite shield (worn)
Scrolls
 d - a scroll of identify {unknown}


   Skills:
 + Level 3.3 Fighting
 + Level 3.3 Armour
 + Level 3.3 Shields
 + Level 2.4 Unarmed Combat


You had one spell level left.
You knew the following spells:

 Your Spells              Type           Power      Damage    Failure   Level
a - Corona                Hex            0%         N/A       100%        1
Your spell library was empty.


Dungeon Overview and Level Annotations

Branches:
Dungeon (2/15)

Altars:
Ru


Innate Abilities, Weirdness & Mutations

You are immune to sickness and miasma.
You are immune to poison.
Your flesh is very heat resistant. (rF++)
You are vulnerable to cold. (rC-)
You are sensitive to extremes of temperature. (rF-, rC-)
You float through the air rather than walking.
You learn spells naturally, not from books.
Your magical power is your life essence.
You have superior vitality. (+4 HP)


Message History

* * * LOW HITPOINT WARNING * * *
You aren't carrying any items that you can evoke without wielding.
You aren't carrying any potions.
Unknown command.
Okay, then.
The gnoll barely misses you.
Your shield and scale mail prevent you from hitting the gnoll.
The gnoll is moderately wounded.
The gnoll hits you but does no damage.
You hit the gnoll but do no damage.
The gnoll is moderately wounded.
You block the gnoll's attack.
You closely miss the gnoll.
The gnoll is moderately wounded.
You block the gnoll's attack.
You hit the gnoll.
The gnoll is heavily wounded.
The gnoll is stunned by your conviction and fails to attack.
The gnoll hits you with a +0 whip.
* * * LOW HITPOINT WARNING * * *
You focus your inner power and illuminate the gnoll in retribution!
Your scale mail prevents you from hitting the gnoll.
The gnoll is heavily wounded.
The gnoll hits you with a +0 whip.
* * * LOW HITPOINT WARNING * * *
You focus your inner power and illuminate the gnoll in retribution!
You hit the gnoll but do no damage.
The gnoll is heavily wounded.
The gnoll hits you with a +0 whip.
* * * LOW HITPOINT WARNING * * *
You hit the gnoll.
The gnoll is severely wounded.
The gnoll closely misses you.
You hit the gnoll but do no damage.
The gnoll is severely wounded.
The gnoll barely misses you.
You barely miss the gnoll.
The gnoll is severely wounded.
The gnoll hits you with a +0 whip.
You die...

....#.##..#####..#...##.#........
...(.............................
................(................
....#.##..###..>.###.###.......##
....#.....# #.##.# #.# #.)###..#
...)#.....###.##.###.# #..(....##
..............##.#...###.##(.....
######.#########g#.#......#......
#........# #@#...##.#.#......
#.##.###.#####.#.#.##....#....#
###......#.#.....#.#.#####.#.#.##
.......#.#.#.##....#...###.#.#.##
.....###÷..#....#####......#....#
..........####..#.....####.#....#
...........#....##.##....:...#..#
....#......##..###.#####.#...#.##
....#......##..........#.#.......


You could see a gnoll (corona).

Vanquished Creatures
  A gnoll (D:1)
  An endoplasm (D:1)
  2 giant cockroaches (D:1)
  4 jackals (D:1)
  2 kobolds (D:1)
  2 quokkas (D:1)
  4 ball pythons (D:1)
  3 bats (D:1)
  A goblin (D:1)
  3 rats (D:1)
23 creatures vanquished.

Notes
Turn   | Place    | Note
-------+----------+-------------------------------------------
     0 | D:1      | comborobin the Djinni Fighter began the quest for the Orb.
     0 | D:1      | Reached XP level 1. HP: 20/20 MP: 0/0
   206 | D:1      | Reached XP level 2. HP: 13/25 MP: 0/0
   592 | D:1      | Found a faded altar of an unknown god.
   610 | D:1      | Became a worshipper of Ru the Awakened
   629 | D:1      | Gained mutation: You are sensitive to extremes of
                  | temperature. (rF-, rC-) [Ru sacrifice]
   629 | D:1      | Reached * piety under Ru
   629 | D:1      | Reached ** piety under Ru
   804 | D:1      | Reached XP level 3. HP: 15/30 MP: 0/0
   804 | D:1      | Learned a level 1 spell: Corona
  1561 | D:1      | Slain by a gnoll

Illustrated notes

Levels and vault maps discovered:
D:1:      eino_arrival_cavern_b, layout_basic, chequers_ecumenical_altar_simple
D:2:      layout_rooms

Action                   || total
-------------------------++-------
Melee: Unarmed           ||   126
Invok: Sacrifice Resista ||     1
  Use: Potion            ||     1
Armor: Scale mail        ||    63
Dodge: Dodged            ||    47
Block: Kite shield       ||    69
